 Dungeon Crawl Stone Soup version 0.30-a0-777-ga9a30cbeda (webtiles) character file.

Game seed: 2954928814247676567

81 Smoke131 the Chucker (level 4, -3/45 HPs)
             Began as an Ogre Gladiator on Feb 15, 2023.
             Slain by an iguana (10 damage)
             ... on level 2 of the Dungeon.
             The game lasted 00:03:48 (1852 turns).

Smoke131 the Chucker (Ogre Gladiator)               Turns: 1852, Time: 00:03:49

Health: -3/45      AC:  4    Str: 18    XL:     4   Next: 42%
Magic:  4/4        EV: 10    Int:  9    God:
Gold:   99         SH:  0    Dex: 12    Spells: 3/3 levels left

rFire   . . .      SeeInvis .    a - +0 trident
rCold   . . .      Faith    .    (no shield)
rNeg    . . .      Spirit   .    b - +0 robe
rPois   .          Reflect  .    n - +1 hat
rElec   .          Harm     .    (no cloak)
rCorr   .          Rampage  .    (gloves unavailable)
Will    .....                    (boots unavailable)
Stlth   +                        (no amulet)
HPRegen 0.27/turn                (no ring)
MPRegen 0.09/turn                (no ring)

@: no status effects
A: large, unfitting armour, tough skin 1
a: no special abilities


You were on level 2 of the Dungeon.
You visited 1 branch of the dungeon, and saw 2 of its levels.

You collected 99 gold pieces.

Inventory:

Hand Weapons
 a - a +0 trident (weapon)
Missiles
 d - 3 throwing nets
 e - a large rock
 h - 15 stones (quivered)
Armour
 b - a +0 robe (worn)
 n - a +1 hat (worn)
Scrolls
 c - a scroll of enchant armour {unknown}
 f - a scroll of torment {unknown}
 i - a scroll of immolation {unknown}
 k - a scroll of identify {unknown}
 l - 2 scrolls of acquirement {unknown}
 p - 2 scrolls of teleportation {unknown}
 q - a scroll of noise {unknown}
Potions
 g - a potion of heal wounds {unknown}
 m - a potion of mutation {unknown}
 o - a potion of attraction {unknown}
 r - a potion of lignification {unknown}


   Skills:
 - Level 3.0 Fighting
 - Level 3.0 Polearms
 + Level 4.2 Throwing
 - Level 3.0 Dodging


You had 3 spell levels left.
You didn't know any spells.
Your spell library contained the following spells:

 Spells                   Type           Power      Damage    Failure   Level
 Sandblast                Erth           0%         2d4       38%         1
 Slow                     Hex            0%         N/A       38%         1
 Passwall                 Tmut/Erth      0%         N/A       52%         2
 Confusing Touch          Hex            0%         N/A       77%         3
 Portal Projectile        Hex/Tloc       0%         N/A       77%         3
 Stone Arrow              Conj/Erth      0%         3d7       77%         3
 Tukima's Dance           Hex            0%         N/A       77%         3
 Vampiric Draining        Necr           0%         2d6       77%         3
 Blade Hands              Tmut           0%         N/A       100%        5


Dungeon Overview and Level Annotations

Branches:
Dungeon (2/15)

Altars:
Dithmenos


Innate Abilities, Weirdness & Mutations

You are too large for most types of armour.
You have tough skin. (AC +1)


Message History

The iguana hisses angrily.
You hit the iguana.
The iguana is lightly wounded.
The iguana misses you. The iguana bites you!
You closely miss the iguana.
The iguana is lightly wounded.
The iguana bites you.
You barely miss the iguana.
The iguana is lightly wounded.
The iguana misses you.
You barely miss the iguana.
The iguana is lightly wounded.
The iguana bites you!
You hit the iguana.
The iguana is lightly wounded.
The iguana misses you.
You hit the iguana.
The iguana is moderately wounded.
The iguana bites you!
You hit the iguana.
The iguana is heavily wounded.
The iguana bites you.
You hit the iguana.
The iguana is almost dead.
The iguana bites you!
* * * LOW HITPOINT WARNING * * *
The iguana bites you.
* * * LOW HITPOINT WARNING * * *
You feel better. The iguana bites you.
* * * LOW HITPOINT WARNING * * *
You barely miss the iguana.
The iguana is almost dead.
The iguana misses you.
You hit the iguana but do no damage.
The iguana is almost dead.
The iguana completely misses you.
You closely miss the iguana.
The iguana is almost dead.
The iguana bites you!
You die...

#............######
#####
#......#######.# #
#......#
#.##################
#......#
#...................
#......#
#?###.....##########
########
#.........####......
#...........#.....##
##.l......#.#.....#
#.@......#.#.....#
#...######.#.....#
#...# #.#.....#
##### #.#.....#
###.##'#### #......#
#.#....#####
#.#.........
#.#...######


You could see an iguana.

Vanquished Creatures
  Jessica (D:2)
  An adder (D:2)
  2 worms (D:2)
  2 dart slugs (D:1)
  3 ball pythons (D:1)
  3 endoplasms
  2 giant cockroaches (D:1)
  2 jackals (D:2)
  4 quokkas
  5 bats
  2 frilled lizards
  A goblin (D:2)
  3 kobolds
  6 rats
37 creatures vanquished.

Notes
Turn   | Place    | Note
-------+----------+-------------------------------------------
     0 | D:1      | Smoke131 the Ogre Gladiator began the quest for the Orb.
     0 | D:1      | Reached XP level 1. HP: 22/22 MP: 1/1
   199 | D:1      | Reached XP level 2. HP: 20/31 MP: 2/2
   566 | D:1      | Reached XP level 3. HP: 37/37 MP: 3/3
   575 | D:1      | Reached skill level 3 in Throwing
  1166 | D:2      | Noticed Jessica
  1170 | D:2      | Killed Jessica
  1171 | D:2      | Reached XP level 4. HP: 45/45 MP: 4/4
  1265 | D:2      | Found a shadowy altar of Dithmenos.
  1350 | D:2      | Reached skill level 4 in Throwing
  1846 | D:2      | HP: 1/45 [iguana (2)]
  1852 | D:2      | Slain by an iguana

Illustrated notes

Levels and vault maps discovered:
D:1:      roderic_lyre, layout_basic
D:2:      layout_basic, basic_altar, uniq_jessica

Skill      XL: |  1  2  3  4 |
---------------+-------------+-----
Fighting       | 3 |  3.0
Dodging        | 3 |  3.0
Throwing       | 3 4 |  4.2
Polearms       | |  3.0

Action                     |  1- 3 |  4- 6 || total
---------------------------+-------+-------++-------
  Melee: Trident           |    86 |    51 ||   137
  Throw: Large rock        |     1 |       ||     1
         Stone             |       |    12 ||    12
    Use: Potion            |       |     2 ||     2
   Stab: Sleeping          |     2 |     1 ||     3
 Armour: Robe              |    31 |     9 ||    40
  Dodge: Dodged            |    48 |    34 ||    82

Table legend: (Time is in decaauts)
 A = Elapsed time spent in this place.
 B = Non-inter-level travel time spent in this place.
 C = Inter-level travel time spent in this place.
 D = Time resting spent in this place.
 E = Time spent auto-exploring this place.
 F = Levels seen in this place.
 G = Mean time per level.
                   A        B        C        D        E       F      G
               +--------+--------+--------+--------+--------+-----+--------+
         Total |   1872 |   1739 |    133 |      0 |   1309 |   2 |  936.0 |
       Dungeon |   1872 |   1739 |    133 |      0 |   1309 |   2 |  936.0 |
               +--------+--------+--------+--------+--------+-----+--------+

Top non-repeatable levels by time:
     D:1: 1062 daAuts
     D:2: 809 daAuts
